 Dungeon Crawl Stone Soup version 0.30-a0-782-ge64f9170bb (webtiles) character file.

Game seed: 13784909331652896926

254 Flugslaktarn the Chopper (level 5, -3/47 HPs)
             Began as a Minotaur Fighter on Feb 18, 2023.
             Slain by Pikel
             ... wielding a +2 whip of freezing
              (6 damage)
             ... on level 4 of the Dungeon.
             The game lasted 00:01:58 (3046 turns).

Flugslaktarn the Chopper (Minotaur Fighter)         Turns: 3046, Time: 00:01:58

Health: -3/47      AC:  8    Str: 23      XL:     5   Next: 91%
Magic:  4/4        EV:  9    Int:  3 (5)  God:
Gold:   156        SH:  4    Dex:  9      Spells: 4/4 levels left

rFire   . . .      SeeInvis .    a - +0 war axe
rCold   . . .      Faith    .    c - +0 buckler
rNeg    . . .      Spirit   .    b - +0 scale mail
rPois   .          Reflect  .    (helmet restricted)
rElec   .          Harm     .    m - +0 cloak
rCorr   .          Rampage  .    (no gloves)
Will    .....                    (no boots) Stlth
                                 j - amulet of the acrobat
HPRegen 0.27/turn                (no ring)
MPRegen 0.09/turn                (no ring)

@: no status effects
A: horns 2, retaliatory headbutt
a: no special abilities


You were on level 4 of the Dungeon.
You visited 1 branch of the dungeon, and saw 4 of its levels.

You collected 156 gold pieces.

Inventory:

Hand Weapons
 a - a +0 war axe (weapon)
Armour
 b - a +0 scale mail (worn)
 c - a +0 buckler (worn)
 m - a +0 cloak (worn)
   (You took it off Crazy Yiuf on level 2 of the Dungeon)
Jewellery
 f - an amulet of guardian spirit
   (You found it on level 3 of the Dungeon)
 j - an amulet of the acrobat (around neck)
   (You found it on level 2 of the Dungeon)
Scrolls
 g - a scroll of enchant weapon
 h - a scroll of amnesia
 o - a scroll of fog
Potions
 d - a potion of might
 i - a potion of curing {unknown}
 n - a potion of heal wounds {unknown}


   Skills:
 + Level 4.8 Fighting
 * Level 5.0 Axes
 + Level 4.8 Armour
 + Level 4.8 Shields


You had 4 spell levels left.
You didn't know any spells.
Your spell library was empty.

Dungeon Overview and Level Annotations

Branches:
Dungeon (4/15)
 Temple: D:4-7

Altars:
Dithmenos
Qazlal
Trog

Shops:
D:2 ((**[

Annotations:
D:4 Pikel


Innate Abilities, Weirdness & Mutations

You have a pair of horns on your head.
You reflexively headbutt those who attack you in melee.


Message History

You closely miss the hound. You headbutt the hound!
You kill the hound!
You feel your dexterity returning.
Your Axes skill increases to level 5!
No target in view!
You see here a hound corpse.
A kobold comes into view. It is wielding a +0 club.
The kobold throws a stone.
The stone hits you.
A kobold is nearby!
A kobold is nearby!
An adder comes into view.
The adder hisses angrily.
There is an open door here.
You barely miss the kobold.
You headbutt the kobold, but do no damage.
The kobold hits you but does no damage.
You hit the kobold.
You kill the kobold!
The adder barely misses you.
You slash the adder!
The adder is almost dead.
The adder bites you but does no damage. You block the adder's attack.
You hit the adder.
You kill the adder!
No target in view!
No target in view!
You now have 156 gold pieces (gained 15).
Things that are here:
a +0 club; 3 stones
There is an open door here.
An orc comes into view. It is wielding a +0 short sword.
The orc shouts!
You hear a shout!
An orc is nearby!
The orc hits you but does no damage.
An orc is nearby!
An orc is nearby!
You slash the orc!
You kill the orc!
A lemure comes into view.
Things that are here:
a +0 short sword; a +0 leather armour A lemure is nearby!
A giant cockroach comes into view.
Pikel, Merchant of Souls comes into view.
He is wielding a +2 whip of freezing.
A lemure comes into view.
Pikel shouts!
The lemure shouts!
You hear a shout!
You slash the lemure!
The lemure is moderately wounded.
You block the lemure's attack.
A lemure comes into view.
You hit the lemure.
The lemure is heavily wounded.
The lemure barely misses you. The lemure hits you.
You barely miss the lemure.
The lemure is heavily wounded.
The lemure hits you.
You slash the lemure! Your headbutt misses the lemure.
The lemure is almost dead.
The lemure closely misses you.
A lemure comes into view.
You completely miss the lemure. You headbutt the lemure.
You kill the lemure!
That felt strangely unrewarding.
You slash the giant cockroach!
You kill the giant cockroach!
You hit Pikel but do no damage.
Pikel hits you with a +2 whip of freezing.
Pikel freezes you.
You hit Pikel but do no damage.
Pikel hits you with a +2 whip of freezing.
Pikel freezes you.
You closely miss Pikel. Pikel hits you but does no damage.
Pikel hits you with a +2 whip of freezing.
Pikel freezes you.
You hit Pikel.
Pikel is lightly wounded.
Pikel hits you with a +2 whip of freezing!
Pikel freezes you.
You closely miss Pikel.
Pikel is lightly wounded.
Pikel hits you but does no damage.
You barely miss Pikel.
Pikel is lightly wounded.
Pikel hits you with a +2 whip of freezing!
* * * LOW HITPOINT WARNING * * *
Pikel freezes you.
* * * LOW HITPOINT WARNING * * *
You block Pikel's attack.
You closely miss Pikel. You headbutt Pikel.
Pikel is moderately wounded.
Pikel hits you with a +2 whip of freezing!
* * * LOW HITPOINT WARNING * * *
Pikel freezes you.
* * * LOW HITPOINT WARNING * * *
Okay, then.
As you read the scroll labelled LOOCAU WOLEIN, it crumbles to dust.
You feel a surge of unholy energy.
Pikel convulses!
It was a scroll of torment.
Pikel says, "You'll make a fine lemure."
Pikel hits you with a +2 whip of freezing.
You die...

###.....####.## #.....#
#.# #####.### #.#
......######.#
####.).......#
#.######..# # #.# #..#
####.######..########...
..............).@K555...
####.######..########...
# #.# ##...##
####.#####.....#
..............##
###.########.## # #.#
#.# # #.# #.# # #.#
##'##


You could see Pikel and 3 lemures.

Vanquished Creatures
  A lemure (D:4)
  A hound (D:4)
  An orc priest (D:3)
  Crazy Yiuf (D:2)
  3 gnolls (D:3)
  5 adders
  2 worms (D:2)
  2 dart slugs
  11 orcs
  8 endoplasms
  6 giant cockroaches
  3 goblins
  5 hobgoblins
  4 jackals (D:3)
  6 ball pythons
  5 bats
  4 frilled lizards
  3 kobolds
  6 rats
77 creatures vanquished.

Notes
Turn   | Place    | Note
-------+----------+-------------------------------------------
     0 | D:1      | Flugslaktarn the Minotaur Fighter began the quest for the
                  | Orb.
     0 | D:1      | Reached XP level 1. HP: 19/19 MP: 0/0
   399 | D:1      | Reached XP level 2. HP: 27/27 MP: 1/1
   684 | D:1      | Reached skill level 3 in Axes
   829 | D:2      | Reached XP level 3. HP: 25/33 MP: 2/2
   905 | D:2      | Found Jupukire's Antique Weapon Shoppe.
   923 | D:2      | Found Saeta's Weapon Shoppe.
  1034 | D:2      | Found Tutousk's General Store.
  1044 | D:2      | Found Selug's Armour Emporium.
  1177 | D:2      | Found a runed translucent door.
  1217 | D:2      | Found Duugik's General Store.
  1547 | D:2      | Noticed Crazy Yiuf
  1577 | D:2      | Killed Crazy Yiuf
  1578 | D:2      | Reached XP level 4. HP: 6/40 MP: 3/3
  1581 | D:2      | HP: 2/40 [poisoned by Crazy Yiuf]
  1779 | D:3      | Found a bloodstained altar of Trog.
  1779 | D:3      | Found a shadowy altar of Dithmenos.
  1779 | D:3      | Found a stormy altar of Qazlal.
  1798 | D:3      | Reached skill level 4 in Axes
  1825 | D:3      | Reached XP level 5. HP: 45/47 MP: 4/4
  2936 | D:4      | Reached skill level 5 in Axes
  3029 | D:4      | Noticed a lemure
  3031 | D:4      | Noticed Pikel
  3031 | D:4      | Noticed a lemure
  3033 | D:4      | Noticed a lemure
  3036 | D:4      | Noticed a lemure
  3037 | D:4      | Killed a lemure
  3046 | D:4      | Slain by Pikel

Illustrated notes

Levels and vault maps discovered:
D:1:      lightli_arrival_statuegarden, layout_basic
D:2:      layout_loops_ring, serial_shops, nicolae_shop_crystal,
          nicolae_diamond_shop, shop, shop_fountains, nicolae_lakefront_shop,
          minmay_between, uniq_crazy_yiuf_cottage
D:3:      layout_basic, gammafunk_temple_overflow_claw
D:4:      layout_loops_corners, uniq_pikel, uniq_robin

Skill      XL: |  1  2  3  4  5 |
---------------+----------------+-----
Axes           | 3 4 5 |  5.0
Fighting       | 4 |  4.8
Armour         | 4 |  4.8
Shields        | 4 |  4.8

Action                     |  1- 3 |  4- 6 || total
---------------------------+-------+-------++-------
  Melee: War axe           |    68 |    89 ||   157
         Headbutt          |     8 |    14 ||    22
    Use: Potion            |       |     2 ||     2
         Scroll            |       |     6 ||     6
 Armour: Scale mail        |    18 |    23 ||    41
  Dodge: Dodged            |    30 |    57 ||    87
  Block: Buckler           |    14 |    27 ||    41

Table legend: (Time is in decaauts)
 A = Elapsed time spent in this place.
 B = Non-inter-level travel time spent in this place.
 C = Inter-level travel time spent in this place.
 D = Time resting spent in this place.
 E = Time spent auto-exploring this place.
 F = Levels seen in this place.
 G = Mean time per level.
                   A        B        C        D        E       F      G
               +--------+--------+--------+--------+--------+-----+--------+
         Total |   3100 |   2952 |    148 |    151 |   2304 |   4 |  775.0 |
       Dungeon |   3100 |   2952 |    148 |    151 |   2304 |   4 |  775.0 |
               +--------+--------+--------+--------+--------+-----+--------+

Top non-repeatable levels by time:
     D:2: 1191 daAuts
     D:1: 791 daAuts
     D:3: 786 daAuts
     D:4: 331 daAuts
